 Dungeon Crawl Stone Soup version 0.18.1-48-g4cf74bf (webtiles) character file.

5996 Tabkey the Martial Artist (level 10, -6/70 HPs)
             Began as a Demonspawn Monk on July 20, 2016.
             Was a High Priest of Qazlal.
             Mangled by Snorg (27 damage)
             ... on level 10 of the Dungeon.
             The game lasted 00:16:13 (10123 turns).

Tabkey the Martial Artist (Demonspawn Monk)        Turns: 10123, Time: 00:16:13

Health: -6/70      AC: 13    Str: 12    XL:     10   Next: 55%
Magic:  14/15      EV: 11    Int: 11    God:    Qazlal [*****.]
Gold:   383        SH:  7    Dex: 19    Spells: 1 memorised, 4 levels left

rFire  . . .     SeeInvis +       - Unarmed
rCold  . . .     Gourm    .     a - +1 robe
rNeg   . . .     Faith    .     (no shield)
rPois  .         Spirit   .     g - +0 hat
rElec  .         Dismiss  .     o - +0 cloak
rCorr  +         Reflect  .     u - +2 pair of gloves
SustAt .         Harm     .     (no boots)
MR     .....                    (no amulet)
Stlth  +.........               p - ring of resist corrosion
                                j - ring of see invisible

@: protected from physical damage, repel missiles, not resistant to hostile
enchantments, very unstealthy
A: horns 1, thin metallic scales 2, demonic guardian 2, nightstalker 1,
evolution 1
a: Upheaval, Elemental Force, Disaster Area, Renounce Religion


You were on level 10 of the Dungeon.
You worshipped Qazlal.
Qazlal was extremely pleased with you.
You were not hungry.

You visited 1 branch of the dungeon, and saw 10 of its levels.

You collected 383 gold pieces.

Inventory:

Armour
 a - a +1 robe (worn)
 g - a +0 hat (worn)
 o - a +0 cloak (worn)
 u - a +2 pair of gloves (worn)
Jewellery
 j - a ring of see invisible (left hand)
 p - a ring of resist corrosion (right hand)
 y - an uncursed ring of magical power
Wands
 r - a wand of acid (10/15)
 z - a wand of lightning (7/15)
 D - a wand of iceblast (7/15)
 E - a wand of lightning (3/15)
Scrolls
 c - 2 scrolls of fog
 h - 7 scrolls of teleportation
 w - a scroll of magic mapping
Potions
 e - a potion of ambrosia {unknown}
 f - a potion of heal wounds
 i - 6 potions of curing
 k - a potion of magic {unknown}
 l - a potion of lignification {unknown}
 n - 2 potions of flight {unknown}
 q - a potion of might {unknown}
 s - a potion of haste {unknown}
 v - a potion of degeneration {unknown}
 x - a potion of invisibility {unknown}
 A - a potion of cancellation {unknown}
 C - a potion of resistance {unknown}
Books
 t - a book of Alchemy

   Spells                             Type                      Level
   a - Sublimation of Blood           Necromancy                   2
   b - Ignite Poison                  Fire/Transmutation/Poison    3
   c - Petrify                        Transmutation/Earth          4
   d - Alistair's Intoxication        Transmutation/Poison         5
   e - Irradiate                      Conjuration/Transmutation    5
Comestibles
 b - 2 bread rations
 d - 2 meat rations
 m - 3 beef jerkies
 B - a royal jelly


   Skills:
 - Level 3.0 Fighting
 - Level 5.0 Dodging
 - Level 1.7 Stealth
 - Level 13.2 Unarmed Combat
 + Level 6.7 Invocations


You had 4 spell levels left.
You knew the following spells:

 Your Spells              Type           Power        Failure   Level  Hunger
a - Irradiate             Conj/Trmt      #.........   100%        5    ######.


Dungeon Overview and Level Annotations

Branches:
Dungeon (10/15)            Temple (0/1) D:7
   Lair: D:8-11         Orc: D:9-12

Altars:
Ashenzari
Dithmenos
Elyvilon
Fedhas
Makhleb
Nemelex Xobeh
Pakellas
Qazlal
Vehumet
The Shining One

Shops:
D:4 *

Annotations:
D:10 Psyche, Snorg


Innate Abilities, Weirdness & Mutations

You have a pair of small horns on your head.
You are mostly covered in thin metallic scales (AC +3).
A demonic guardian rushes to your aid.
You are slightly more attuned to the shadows.
You evolve.


Message History

Your ice devil hits Snorg!
Your ice devil freezes Snorg!!
Things that are here:
a giant club; a hill giant corpse Unknown command.
Your ice devil disappears in a puff of smoke!
Snorg shouts!
Snorg bites your ice devil!! Snorg claws your ice devil!
Your ice devil dies!
There is a stone staircase leading up here.
You see here 2 tomahawks.
Unknown command.
You barely miss Snorg.
Snorg is heavily wounded.
Snorg bites you!!
* * * LOW HITPOINT WARNING * * *
You feel protected from physical attacks.
Snorg misses you. Snorg closely misses you.
Your sun demon hits Snorg!!
Snorg is engulfed in flames!
Snorg bites you!!
You die...

####.P........##
P.P.P.P........#
...P.P........#
P.P.......[...#
..P.P.§†..[...##
.....§.†.§....#
......§3[.).#..#
......@T)÷)......
......§§@.§..####.
....).§(§..###
...[..§..§##
#........##
##......##
###....# .....#
......# .......#


You could see Snorg (berserk), Psyche and a friendly sun demon.

Vanquished Creatures
  A hill giant (D:10)
  A centaur skeleton (D:10)
  Sigmund (D:5)
  A hungry ghost (D:9)
  2 steam dragons
  Menkaure (D:5)
  A water moccasin (D:7)
  2 ice beasts (D:5)
  An orc warrior (D:10)
  3 sky beasts
  3 ogres
  2 phantoms
  A crocodile (D:10)
  The ghost of raetorn the Cutter, an amateur KoBe of Trog (D:3)
  4 centaurs
  A big kobold (D:9)
  7 giant frogs
  7 scorpions
  11 killer bees
  3 wights (D:6)
  3 howler monkeys
  3 crimson imps
  A giant frog zombie (D:9)
  A quasit (D:10)
  3 jellies
  4 orc wizards
  8 orc priests
  8 hounds
  7 worker ants
  An iguana (D:8)
  A hound zombie (D:8)
  4 gnolls
  12 adders
  A river rat (D:9)
  A shadow imp (D:9)
  An ooze (D:1)
  2 adder skeletons
  An adder zombie (D:6)
  5 worms
  4 dart slugs
  4 giant geckos
  28 orcs
  A ball python (D:7)
  13 bats
  8 giant cockroaches
  10 goblins
  4 hobgoblins
  4 jackals
  6 kobolds
  4 quokkas
  6 giant newts
  A quokka skeleton (D:9)
  A quokka zombie (D:4)
  15 rats
  5 fungi (D:7)
235 creatures vanquished.

Vanquished Creatures (collateral kills)
  2 ogres
  2 killer bees
  A wight (D:6)
  2 worker ants
  A shadow imp (D:5)
  A bat (D:10)
  A rat (D:10)
10 creatures vanquished.

Vanquished Creatures (others)
  3 fungi (D:7)
3 creatures vanquished.

Grand Total: 248 creatures vanquished

Notes
Turn   | Place    | Note
--------------------------------------------------------------
     0 | D:1      | Tabkey the Demonspawn Monk began the quest for the Orb.
     0 | D:1      | Reached XP level 1. HP: 18/18 MP: 1/1
    28 | D:1      | Reached skill level 4 in Unarmed Combat
   113 | D:1      | Gained mutation: You have a pair of small horns on your head. [demonic ancestry]
   113 | D:1      | Reached XP level 2. HP: 24/24 MP: 2/2
   540 | D:1      | Reached XP level 3. HP: 29/29 MP: 3/3
   940 | D:2      | Reached skill level 5 in Unarmed Combat
   940 | D:2      | Gained mutation: You are partially covered in thin metallic scales (AC +2). [demonic ancestry]
   940 | D:2      | Reached XP level 4. HP: 26/35 MP: 4/4
  1344 | D:2      | Found a stormy altar of Qazlal.
  1369 | D:2      | Became a worshipper of Qazlal Stormbringer
  1369 | D:2      | Reached * piety under Qazlal
  1369 | D:2      | Reached ** piety under Qazlal
  1517 | D:2      | Reached XP level 5. HP: 25/41 MP: 5/5
  1991 | D:2      | Found a glowing golden altar of the Shining One.
  2217 | D:3      | Reached skill level 6 in Unarmed Combat
  2386 | D:3      | Noticed raetorn's ghost (amateur KoBe)
  2405 | D:3      | Killed raetorn's ghost
  2405 | D:3      | Gained mutation: You are slightly more attuned to the shadows. [demonic ancestry]
  2405 | D:3      | Reached XP level 6. HP: 19/47 MP: 6/6
  2729 | D:3      | Reached skill level 7 in Unarmed Combat
  2825 | D:4      | Found a shattered altar of Ashenzari.
  2960 | D:4      | Found Witsy's General Store.
  3057 | D:4      | Gained mutation: A weak demonic guardian rushes to your aid. [demonic ancestry]
  3057 | D:4      | Reached XP level 7. HP: 39/52 MP: 7/7
  3158 | D:4      | Reached *** piety under Qazlal
  3380 | D:4      | Reached skill level 8 in Unarmed Combat
  3522 | D:4      | Found a blossoming altar of Fedhas.
  3557 | D:5      | Entered Level 5 of the Dungeon
  3600 | D:5      | Noticed Menkaure
  3769 | D:5      | Killed Menkaure
  3865 | D:5      | Noticed Sigmund
  3872 | D:5      | Killed Sigmund
  3872 | D:5      | Reached skill level 9 in Unarmed Combat
  3939 | D:5      | Reached XP level 8. HP: 58/58 MP: 8/8
  4680 | D:5      | Reached skill level 10 in Unarmed Combat
  4931 | D:6      | Reached **** piety under Qazlal
  5174 | D:6      | Reached skill level 11 in Unarmed Combat
  5299 | D:6      | Found a radiant altar of Vehumet.
  5300 | D:6      | Found a burning altar of Makhleb.
  5351 | D:6      | Gained mutation: You evolve. [potion of beneficial mutation]
  5458 | D:6      | Found a shadowy altar of Dithmenos.
  5458 | D:6      | Found a white marble altar of Elyvilon.
  5627 | D:6      | Gained mutation: A demonic guardian rushes to your aid. [demonic ancestry]
  5627 | D:6      | Reached XP level 9. HP: 63/63 MP: 9/9
  6017 | D:7      | Found a staircase to the Ecumenical Temple.
  6505 | D:7      | Reached skill level 12 in Unarmed Combat
  6563 | D:7      | Found an oddly glowing altar of Pakellas.
  7366 | D:8      | Learned a level 5 spell: Irradiate
  7621 | D:8      | Found a sparkling altar of Nemelex Xobeh.
  8243 | D:9      | Reached skill level 13 in Unarmed Combat
  8326 | D:8      | Gained mutation: You are mostly covered in thin metallic scales (AC +3). [demonic ancestry]
  8326 | D:8      | Reached XP level 10. HP: 28/70 MP: 10/10
  8638 | D:9      | Reached ***** piety under Qazlal
  9332 | D:10     | Entered Level 10 of the Dungeon
  9341 | D:10     | Reached skill level 5 in Dodging
  9409 | D:10     | Reached skill level 1 in Invocations
  9461 | D:10     | Noticed a hill giant
  9757 | D:9      | Reached skill level 5 in Invocations
 10107 | D:10     | Killed a hill giant
 10111 | D:10     | Noticed Snorg
 10119 | D:10     | Noticed Psyche
 10123 | D:10     | Mangled by Snorg

Skill      XL: |  1  2  3  4  5  6  7  8  9 10 |
---------------+-------------------------------+-----
Unarmed Combat | 4 5 6 7 9 11 13 | 13.2
Dodging        | 3 5 |  5.0
Invocations    | 6 |  6.7
Fighting       | |  3.0
Stealth        | |  1.7

Action                   |  1- 3 |  4- 6 |  7- 9 | 10-12 || total
-------------------------+-------+-------+-------+-------++-------
Melee: Unarmed           |    92 |   183 |   374 |   164 ||   813
       Headbutt          |    11 |    32 |    72 |    30 ||   145
       Punch             |     1 |     4 |    19 |     9 ||    33
  Use: Scroll            |     2 |     3 |    11 |     2 ||    18
       Potion            |     1 |       |     1 |       ||     2
 Stab: Sleeping          |     5 |     1 |       |       ||     6
  Eat: Chunk             |       |     7 |    16 |     1 ||    24
       Meat ration       |       |       |     1 |       ||     1
       Bread ration      |       |       |       |     1 ||     1
Armor: Robe              |    14 |    35 |    61 |    54 ||   164
Dodge: Dodged            |    52 |   102 |   164 |   143 ||   461
       Deflected         |       |       |     2 |     4 ||     6
Block: Other             |       |     8 |    56 |    65 ||   129
